 Dungeon Crawl Stone Soup version 0.30-a0-465-g8901f6c8b5 (webtiles) character file.

Game seed: 13004211627398608528

71 p00ps00p the Shield-Bearer (level 4, -6/37 HPs)
             Began as a Formicid Fighter on Dec 18, 2022.
             Killed from afar by an orc wizard (9 damage)
             ... with a puff of flame
             ... on level 3 of the Dungeon.
             The game lasted 00:03:13 (1558 turns).

p00ps00p the Shield-Bearer (Formicid Fighter)       Turns: 1558, Time: 00:03:14

Health: -6/37      AC:  7    Str: 22    XL:     4   Next: 47%
Magic:  4/4        EV:  9    Int:  8    God:
Gold:   130        SH:  5    Dex: 13    Spells: 3/3 levels left

rFire   . . .      SeeInvis +    a - +0 war axe
rCold   . . .      Faith    .    c - +0 buckler
rNeg    . . .      Spirit   .    b - +0 scale mail
rPois   .          Reflect  .    (helmet unavailable)
rElec   .          Harm     .    (no cloak)
rCorr   .          Rampage  .    (no gloves)
Will    .....                    (no boots)
Stlth   ..........               (no amulet)
HPRegen 0.26/turn                (no ring)
MPRegen 0.09/turn                (no ring)

@: no status effects
A: permanent stasis, dig shafts and tunnels, antennae 3, four strong arms
a: Dig, Shaft Self


You were on level 3 of the Dungeon.
You visited 1 branch of the dungeon, and saw 3 of its levels.

You collected 130 gold pieces.

Inventory:

Hand Weapons
 a - a +0 war axe (weapon)
Armour
 b - a +0 scale mail (worn)
 c - a +0 buckler (worn)
Scrolls
 e - a scroll of fear
Potions
 d - 2 potions of might
 f - 4 potions of curing
 h - a potion of degeneration
 i - 3 potions of mutation
 j - a potion of haste
 k - a potion of resistance {unknown}


   Skills:
 + Level 3.8 Fighting
 + Level 2.5 Axes
 + Level 3.7 Armour
 + Level 0.8 Dodging
 + Level 1.5 Stealth
 + Level 4.6 Shields


You had 3 spell levels left.
You didn't know any spells.
Your spell library was empty.

Dungeon Overview and Level Annotations

Branches:
Dungeon (3/15)

Altars:

Annotations:
D:1 2 runed translucent doors


Innate Abilities, Weirdness & Mutations

You cannot be hasted, slowed, berserked, paralysed or teleported.
You can dig through walls and to a lower floor.
You have a pair of large antennae on your head. (SInv)
Your four strong arms can wield two-handed weapons with a shield.


Message History

Unknown command.
You are too injured to fight recklessly!
Unknown command.
You are too injured to fight recklessly!
You are too injured to fight recklessly!
Unknown command.
You are too injured to fight recklessly!
Unknown command.
You are too injured to fight recklessly!
Unknown command.
You hit the orc wizard.
The orc wizard is heavily wounded.
You hit the orc wizard.
The orc wizard points at you and mumbles some strange words.
You resist with some effort.
The orc wizard points at you and mumbles some strange words.
The puff of flame hits you!
* * * LOW HITPOINT WARNING * * *
You barely miss the orc wizard.
The orc wizard is heavily wounded.
You barely miss the orc wizard.
The orc wizard gestures at you while chanting.
The magic dart hits you.
* * * LOW HITPOINT WARNING * * *
You block the orc wizard's attack.
The orc wizard hits you with a +0 dagger.
* * * LOW HITPOINT WARNING * * *
The orc wizard hits you but does no damage.
You miss the orc wizard.
The orc wizard is heavily wounded.
You hit the orc wizard but do no damage.
The orc wizard hits you but does no damage. x2
Unknown command.
You closely miss the orc wizard.
The orc wizard is heavily wounded.
You hit the orc wizard but do no damage.
The orc wizard hits you but does no damage.
The orc wizard points at you and mumbles some strange words.
The puff of flame hits you!
You die...

#.#...#
#.#...# #
#.#...###. .
#.#...... ...
#.#....#
#..##.#:...#
##....)#....#
......o@<..#
.####.)o...#
###....#
#....#
##.#...
#....##
#....# #...>#


You could see 2 orc wizards.

Vanquished Creatures
  An adder (D:2)
  3 dart slugs
  2 worms
  3 orcs (D:3)
  2 bats
  4 endoplasms
  3 giant cockroaches
  4 goblins
  7 hobgoblins
  4 jackals (D:2)
  A quokka (D:2)
  3 ball pythons (D:1)
  2 kobolds (D:2)
  4 rats
43 creatures vanquished.

Notes
Turn   | Place    | Note
-------+----------+-------------------------------------------
     0 | D:1      | p00ps00p the Formicid Fighter began the quest for the Orb.
     0 | D:1      | Reached XP level 1. HP: 18/18 MP: 1/1
    62 | D:1      | Found a large runed translucent door.
    62 | D:1      | Found a large runed translucent door.
    70 | D:1      | Reached XP level 2. HP: 18/24 MP: 2/2
   512 | D:1      | Reached XP level 3. HP: 28/29 MP: 3/3
   566 | D:1      | Reached skill level 1 in Stealth
  1239 | D:2      | Reached XP level 4. HP: 32/37 MP: 4/4
  1558 | D:3      | Killed from afar by an orc wizard

Illustrated notes

Levels and vault maps discovered:
D:1:      erik_arrival_cave_to_civilisation [erik_arrival_cave_to_temple],
          layout_basic, minmay_misc_feat_nine_boxes, nicolae_wormholes
D:2:      layout_rooms
D:3:      layout_basic, overflow_temple_1_default, gup_sewer_entry_glass,
          ebering_ecumenical_altar_webs

Skill      XL: |  1  2  3 |
---------------+----------+-----
Stealth        | 1 |  1.5
Fighting       | |  3.8
Axes           | |  2.5
Armour         | |  3.7
Dodging        | |  0.8
Shields        | |  4.6

Action                   |  1- 3 |  4- 6 || total
-------------------------+-------+-------++-------
Melee: War axe           |    78 |    17 ||    95
 Abil: Dig               |     1 |       ||     1
  Use: Scroll            |       |     5 ||     5
Armor: Scale mail        |    29 |    16 ||    45
Dodge: Dodged            |    35 |    10 ||    45
Block: Buckler           |    18 |     6 ||    24

Table legend: (Time is in decaauts)
 A = Elapsed time spent in this place.
 B = Non-inter-level travel time spent in this place.
 C = Inter-level travel time spent in this place.
 D = Time resting spent in this place.
 E = Time spent auto-exploring this place.
 F = Levels seen in this place.
 G = Mean time per level.
                   A        B        C        D        E       F      G
               +--------+--------+--------+--------+--------+-----+--------+
         Total |   1596 |   1542 |     54 |      0 |   1264 |   3 |  532.0 |
       Dungeon |   1596 |   1542 |     54 |      0 |   1264 |   3 |  532.0 |
               +--------+--------+--------+--------+--------+-----+--------+

Top non-repeatable levels by time:
     D:1: 1009 daAuts
     D:2: 569 daAuts
     D:3: 17 daAuts
